cohdb
Replays
Latest Replays
All Replays
Popular Replays
Top Player Replays
Match Explorer
How It Works
Community
CoH3 Stats
Reddit
Sign in to upload your games and track your stats! →
Sign in with Steam
Match 36597507
Unlisted
Match 36597507
Overview
Messages
Build Orders
End
Panzerpioneer Squad
Selects Battlefield Espionage Battlegroup
Panzerpioneer Squad
250 Light Carrier
Panzerpioneer Squad
Construct Light Support Kompanie
Selects Intel Disruption Beacon
2.5-tonne Medical Truck
MG34 Team
Panzerjäger Mechanized Group
Selects 250/3 Funkpanzerwagen
Valmont
LEON
MDGR
OMJimas
0
0
Comments
sign in to comment!
No comments posted yet!